 Dungeon Crawl Stone Soup version 0.20-a0-1122-gb7cbeb9 (webtiles) character file.

40 Flooderbenga the Sneak (level 3, -3/16 HPs)
             Began as a Spriggan Enchanter on May 12, 2017.
             Slain by a goblin
             ... wielding a +0 dagger
             ... led by Robin
              (6 damage)
             ... on level 2 of the Dungeon.
             The game lasted 00:21:39 (1345 turns).

Flooderbenga the Sneak (Spriggan Enchanter)         Turns: 1345, Time: 00:21:39

Health: -3/16      AC:  2    Str:  3 (4)  XL:     3   Next: 30%
Magic:  2/8        EV: 18    Int: 15 (16) God:
Gold:   110        SH:  0    Dex: 14 (17) Spells: 4/7 levels left

rFire    . . .     SeeInvis +   f - +0 dagger
rCold    . . .     Gourm    .   (shield restricted)
rNeg     . . .     Faith    .   b - +0 robe
rPois    .         Spirit   .   (helmet restricted)
rElec    .         Reflect  .   (no cloak)
rCorr    .         Harm     .   (gloves unavailable)
MR       .....                  (boots unavailable)
Stlth    +++.......             (no amulet)
Regen    0.1/turn               o - +3 ring of slaying
MPRegen  0.2/turn               (no ring)

@: very quick
A: unfitting armour, see invisible, herbivore 3, speed 3, slow metabolism 2
a: no special abilities


You were on level 2 of the Dungeon.
You were not hungry.

You visited 1 branch of the dungeon, and saw 2 of its levels.

You collected 110 gold pieces.

Inventory:

Hand Weapons
 a - a +1 dagger
 f - a +0 dagger (weapon)
 m - a +4 hand axe
Missiles
 g - 38 arrows
 k - 34 bolts
 p - 35 stones (quivered)
Armour
 b - a +0 robe (worn)
Jewellery
 o - a +3 ring of slaying (left hand)
Books
 c - a book of Maledictions

   Spells                             Type                      Level
   a - Corona                         Hexes                        1
   b - Ensorcelled Hibernation        Hexes/Ice                    2
   c - Confuse                        Hexes                        3
   d - Tukima's Dance                 Hexes                        3
   e - Dazzling Spray                 Conjuration/Hexes            3
Comestibles
 d - 3 royal jellies {@e3}
 e - 5 fruits {@e2}
 q - 3 bread rations {@e1}


   Skills:
 + Level 2.2 Short Blades
 - Level 3.0 Dodging
 + Level 6.0 Stealth
 - Level 2.6 Spellcasting
 - Level 3.6 Hexes


You had 4 spell levels left.
You knew the following spells:

 Your Spells              Type           Power        Failure   Level  Hunger
a - Corona                Hex            ##.....      4%          1    #......
b - Ensorcelled Hibernat  Hex/Ice        #.....       16%         2    ##.....


Dungeon Overview and Level Annotations

Branches:
Dungeon (2/15)

Altars:

Annotations:
D:2 Robin


Innate Abilities, Weirdness & Mutations

You are very small and have problems with some larger weapons.
You are too small for most types of armour.
You have supernaturally acute eyesight. (SInv)
You are a herbivore.
You cover ground extremely quickly.
You need consume almost no food.


Message History

The goblin closely misses you.
You take 4 damage, and have 2/16 hp.
MASSIVE DAMAGE!!
It was a potion of curing.
You feel better.
The goblin no longer looks unusually strong.
The goblin barely misses you.
Robin hits you with a vampiric short sword.
Robin draws strength from your wounds! The goblin hits you with a dagger.
* * * LOW HITPOINT WARNING * * *
Unknown command.
You aren't carrying any potions.
Unknown command.
As you read the scroll labeled BUFOIH FIPLUY, it crumbles to dust.
You feel as if something is helping you.
It was a scroll of remove curse.
The goblin barely misses you. x2
You hit the goblin.
The goblin no longer looks unusually strong.
Robin roars a battlecry!
The goblins go into a battle-frenzy!
The goblin hits you with a dagger.
You die...

.#
#.........##..........
.#
#.....##†)####.###...
.# #.....##.......# .#
########......## .#
######.# .#
######.####.# .#
#.........#)# <#
#.#.##.##.#g#
.#####.#.##.##.#@#
.......#.##...(gg#
########.#####(###
#.#####.# #.......#
######### .# ... ..#
..# #.. ..
..$.####.##.#


You could see Robin and 2 goblins.

Vanquished Creatures
  A worm (D:2)
  2 bats (D:1)
  4 giant cockroaches
  10 goblins
  4 hobgoblins
  3 jackals
  2 kobolds
  A ball python (D:1)
  A frilled lizard (D:1)
  4 rats
32 creatures vanquished.

Notes
Turn   | Place    | Note
-------+----------+-------------------------------------------
     0 | D:1      | Flooderbenga the Spriggan Enchanter began the quest for the Orb.
     0 | D:1      | Reached XP level 1. HP: 9/9 MP: 5/5
   120 | D:1      | Reached skill level 5 in Stealth
   169 | D:1      | Reached XP level 2. HP: 10/13 MP: 4/6
   174 | D:1      | Learned a level 2 spell: Ensorcelled Hibernation
   842 | D:2      | Noticed Robin
   999 | D:2      | Reached XP level 3. HP: 14/16 MP: 0/8
  1306 | D:2      | Reached skill level 6 in Stealth
  1345 | D:2      | Slain by a goblin

Vault maps used:
D:1:      eino_arrival_cavern_d
D:2:      first_bread, uniq_robin

Skill      XL: |  1  2  3 |
---------------+----------+-----
Stealth        | 5 6 |  6.0
Short Blades   | 2 |  2.2
Dodging        | |  3.0
Spellcasting   | |  2.6
Hexes          | |  3.6

Action                   || total
-------------------------++-------
Melee: Dagger            ||   122
Throw: Stone             ||    25
 Cast: Corona            ||    11
       Ensorcelled Hiber ||    18
  Use: Potion            ||     4
       Scroll            ||     3
 Stab: Sleeping          ||    15
Armor: Robe              ||    14
Dodge: Dodged            ||    94
